 Dungeon Crawl Stone Soup version 0.24.0-13-gcf9b319 (webtiles) character file.

Game seed: 9057998358426682182, levelgen mode: deterministic

282 Bronimir the Firebug (level 6, -1/55 HPs)
             Began as an Ogre Fire Elementalist on Mar 26, 2020.
             Slain by a gnoll
             ... wielding a +0 halberd
              (12 damage)
             ... on level 2 of the Dungeon.
             The game lasted 00:05:30 (2757 turns).

Bronimir the Firebug (Ogre Fire Elementalist)       Turns: 2757, Time: 00:05:31

Health: -1/55      AC:  4    Str: 15    XL:     6   Next: 28%
Magic:  9/10       EV: 10    Int: 16    God:
Gold:   151        SH:  0    Dex:  9    Spells: 5/11 levels left

rFire    . . .     SeeInvis .   a - +0 quarterstaff
rCold    . . .     Gourm    .   (shield currently unavailable)
rNeg     . . .     Faith    .   j - +0 robe
rPois    .         Spirit   .   (helmet restricted)
rElec    .         Reflect  .   b - +0 cloak
rCorr    .         Harm     .   (gloves unavailable)
MR       .....                  (boots unavailable)
Stlth    +.........             (no amulet)
HPRegen  0.18/turn              (no ring)
MPRegen  0.12/turn              (no ring)

@: no status effects
A: large, unfitting armour, tough skin 1
a: no special abilities


You were on level 2 of the Dungeon.
You were not hungry.

You visited 1 branch of the dungeon, and saw 3 of its levels.

You collected 151 gold pieces.

Inventory:

Hand Weapons
 a - a +0 quarterstaff (weapon)
 f - a +0 club
Missiles
 h - 114 stones (quivered)
Armour
 b - a +0 cloak (worn)
 j - a +0 robe (worn)
 k - a +2 large shield
Scrolls
 d - a scroll of remove curse {unknown}
 e - 2 scrolls of identify {unknown}
 g - a scroll of blinking {unknown}
Potions
 i - 2 potions of brilliance {unknown}
Comestibles
 c - 5 rations
 l - 2 chunks of flesh


   Skills:
 + Level 1.4 Fighting
 + Level 1.0 Staves
 * Level 3.3 Dodging
 - Level 1.4 Stealth
 * Level 1.7 Shields
 + Level 3.0 Spellcasting
 * Level 2.0 Conjurations
 * Level 4.0 Fire Magic


You had 5 spell levels left.
You knew the following spells:

 Your Spells              Type           Power        Failure   Level  Hunger
a - Flame Tongue          Conj/Fire      ##...        5%          1    #......
b - Throw Flame           Conj/Fire      ##....       9%          2    ##.....
c - Conjure Flame         Conj/Fire      ##......     16%         3    ###....

Your spell library contained the following spells:

 Spells                   Type           Power        Failure   Level  Hunger
 Inner Flame              Hex/Fire       #.......     24%         3    ###....
 Sticky Flame             Conj/Fire      ##......     47%         4    #####..
 Fireball                 Conj/Fire      ##........   83%         5    ######.


Dungeon Overview and Level Annotations

Branches:
Dungeon (3/15)

Altars:
Kikubaaqudgha


Innate Abilities, Weirdness & Mutations

You are too large for most types of armour.
You have tough skin. (AC +1)


Message History

The bat hits you but does no damage. The gnoll barely misses you.
The gnoll hits you with a +0 halberd!
There is a stone staircase leading up, spattered with blood here.
The bat barely misses you. The gnoll closely misses you. x2
You climb upwards.
There is a stone staircase leading down here.
The gnoll hits you with a +0 flail!
Some of the chunks of flesh in your inventory have rotted away.
The gnoll hits you with a +0 flail!
* * * LOW HITPOINT WARNING * * *
The gnoll closely misses you.
Casting: Flame Tongue (safe; 5% risk of failure)
Confirm with . or Enter, or press ? or * to list all spells.
Aiming: Flame Tongue (safe; 5% risk of failure)
Press: ? - help, Shift-Dir - straight line, f - gnoll
Aim: a gnoll, wielding a +0 flail The flame tongue hits the gnoll.
The gnoll is moderately wounded.
The gnoll hits you from afar with a +0 halberd!
You die...

#......###....#.## ######.#
##.#.#.# ######### #.#
#.#.#.# #........ #.#
#.#.#.# #.####### ##
######.# #.#.#.# #.#
.####...##.# #.#.#.# #.#
......#.##.####.#.#.#####.#
.####...##....g.#.........#
## ##....>....g@.#.#######
################


You could see 2 gnolls.

Vanquished Creatures
  3 vampire bats (D:2)
  Jessica (D:2)
  Natasha (twice) (D:2)
  A gnoll (D:3)
  3 adders (D:2)
  2 worms (D:2)
  2 dart slugs
  An orc (D:2)
  2 ball pythons (D:2)
  3 bats
  3 bat skeletons (D:2)
  3 bat zombies (D:2)
  2 giant cockroaches
  8 goblins
  3 hobgoblins
  3 kobolds
  A frilled lizard (D:1)
  5 rats
48 creatures vanquished.

Notes
Turn   | Place    | Note
-------+----------+-------------------------------------------
     0 | D:1      | Bronimir the Ogre Fire Elementalist began the quest for the
                  | Orb.
     0 | D:1      | Reached XP level 1. HP: 16/16 MP: 3/3
   352 | D:1      | Reached skill level 3 in Fire Magic
   385 | D:1      | Reached skill level 1 in Conjurations
   385 | D:1      | Reached XP level 2. HP: 7/24 MP: 2/5
   768 | D:1      | You fall into a shaft and drop 1 floor!
   931 | D:2      | Reached XP level 3. HP: 22/31 MP: 1/7
  1565 | D:2      | Reached XP level 4. HP: 38/40 MP: 3/8
  1609 | D:2      | Learned a level 2 spell: Throw Flame
  1613 | D:2      | Learned a level 3 spell: Conjure Flame
  1625 | D:2      | Found an ancient bone altar of Kikubaaqudgha.
  1632 | D:2      | Reached skill level 1 in Shields
  1678 | D:2      | Reached skill level 1 in Fighting
  1678 | D:2      | Reached XP level 5. HP: 7/48 MP: 1/9
  2154 | D:2      | Noticed Natasha
  2163 | D:2      | Killed Natasha
  2326 | D:2      | Noticed Natasha
  2351 | D:2      | Killed Natasha
  2351 | D:2      | Reached XP level 6. HP: 44/55 MP: 6/10
  2505 | D:2      | Noticed Jessica
  2510 | D:2      | Killed Jessica
  2510 | D:2      | Reached skill level 4 in Fire Magic
  2736 | D:3      | Reached skill level 1 in Staves
  2757 | D:2      | Slain by a gnoll

Levels and vault maps discovered:
D:1:      minmay_arrival_wavy_path, layout_basic, hex_intersection
D:2:      layout_loops_ring, kennysheep_vampire_church, uniq_natasha,
          uniq_jessica
D:3:      layout_basic, overflow_temple_1_default,
          eat_drink_and_be_merry_uskayaw, lemuel_round_altar,
          gammafunk_temple_overflow_elements, first_ration

Skill      XL: |  1  2  3  4  5  6 |
---------------+-------------------+-----
Fire Magic     | 3 4 |  4.0
Conjurations   | 1 2 |  2.0
Dodging        | 2 3 |  3.3
Shields        | 1 |  1.7
Fighting       | 1 |  1.4
Spellcasting   | 3 |  3.0
Staves         | 1 |  1.0
Stealth        | |  1.4

Action                   |  1- 3 |  4- 6 || total
-------------------------+-------+-------++-------
Melee: Unarmed           |     6 |     2 ||     8
       Club              |    27 |       ||    27
       Quarterstaff      |       |    39 ||    39
 Cast: Flame Tongue      |    50 |    41 ||    91
  Use: Potion            |       |     1 ||     1
  Eat: Chunk             |     2 |     4 ||     6
Armor: Robe              |    43 |    73 ||   116
Dodge: Dodged            |    42 |    94 ||   136
